 Dungeon Crawl Stone Soup version 0.30-a0-859-gf88a04b62d (webtiles) character file.

Game seed: 4822548953389278270

154 mandoloar the Gusty (level 5, 0/37 HPs)
             Began as a Gnoll Air Elementalist on Mar 6, 2023.
             Succumbed to an adder's poison
             ... on level 3 of the Dungeon.
             The game lasted 00:07:33 (2900 turns).

mandoloar the Gusty (Gnoll Air Elementalist)        Turns: 2900, Time: 00:07:34

Health: 0/37       AC:  3    Str:  7    XL:     5   Next: 35%
Magic:  5/12       EV: 13    Int: 22    God:
Gold:   166        SH:  0    Dex: 13    Spells: 9/14 levels left

rFire   . . .      SeeInvis .      - Unarmed
rCold   . . .      Faith    .    (no shield)
rNeg    . . .      Spirit   .    c - +0 robe
rPois   .          Reflect  .    i - +0 helmet
rElec   .          Rampage  .    (no cloak)
rCorr   .                        (no gloves)
Will    .....                    (no boots)
Stlth   +                        (no amulet)
HPRegen 0.26/turn                k - +6 ring of intelligence
MPRegen 0.13/turn                (no ring)

@: confused, lethally poisoned (0 -> -1)
A: fangs 1, strong nose, distributed training
a: no special abilities


You were on level 3 of the Dungeon.
You visited 1 branch of the dungeon, and saw 3 of its levels.

You collected 166 gold pieces.

Inventory:

Hand Weapons
 a - a +0 flail
 b - a +0 sling
Armour
 c - a +0 robe (worn)
 i - a +0 helmet (worn)
Jewellery
 k - a +6 ring of intelligence (left hand)
Wands
 e - a wand of digging (4)
Scrolls
 l - a scroll of teleportation
 m - a scroll of immolation
Potions
 d - a potion of flight
 f - a potion of brilliance
 g - 2 potions of magic
 j - a potion of curing
 n - a potion of might {unknown}


   Skills:
 + Level 1.5 Fighting
 + Level 1.5 Short Blades
 + Level 1.5 Long Blades
 + Level 1.5 Axes
 + Level 1.5 Maces & Flails
 + Level 1.5 Polearms
 + Level 1.5 Staves
 + Level 1.5 Ranged Weapons
 + Level 1.5 Throwing
 + Level 1.5 Armour
 + Level 4.8 Dodging
 + Level 4.4 Stealth
 + Level 1.5 Shields
 + Level 1.5 Unarmed Combat
 + Level 5.2 Spellcasting
 + Level 2.4 Conjurations
 + Level 1.2 Hexes
 + Level 1.2 Summonings
 + Level 1.2 Necromancy
 + Level 1.2 Translocations
 + Level 1.2 Transmutations
 + Level 1.2 Fire Magic
 + Level 1.2 Ice Magic
 + Level 5.5 Air Magic
 + Level 1.2 Earth Magic
 + Level 1.2 Poison Magic
 + Level 1.7 Invocations
 + Level 1.5 Evocations


You had 9 spell levels left.
You knew the following spells:

 Your Spells              Type           Power      Damage    Failure   Level
a - Shock                 Conj/Air       92%        1d8       1%          1
b - Airstrike             Air            15%        2d(3-19)  10%         4

Your spell library contained the following spells:

 Spells                   Type           Power      Damage    Failure   Level
 Static Discharge         Conj/Air       46%        2-4/arc   3%          2
 Swiftness                Air            30%        N/A       3%          3
 Necrotise                Necr           44%        1d6       6%          1
 Vampiric Draining        Necr           11%        2d6       19%         3
 Agony                    Necr           11%        N/A       86%         5


Dungeon Overview and Level Annotations

Branches:
Dungeon (3/15)

Altars:
Nemelex Xobeh


Innate Abilities, Weirdness & Mutations

You have very sharp teeth.
Your uncanny sense of smell can sniff out nearby items.
Your experience applies equally to all skills.


Message History

Your bite misses the orc wizard.
The orc wizard is almost dead.
You feel sick. The adder closely misses you.
The orc wizard hits you but does no damage.
You closely miss the adder.
The adder is lightly wounded.
You feel sick. The adder barely misses you.
The adder bites you but does no damage.
The orc wizard hits you but does no damage.
You feel sick. The adder bites you but does no damage.
You're too confused to move!
You feel sick.
You are no longer poisoned.
The adder bites you.
* * * LOW HITPOINT WARNING * * *
You are poisoned.
The adder poisons you! The orc wizard closely misses you.
You barely miss the adder.
The adder is lightly wounded.
You feel sick. The adder barely misses you. The adder bites you.
* * * LOW HITPOINT WARNING * * *
You closely miss the orc wizard.
The orc wizard is almost dead.
You feel sick. The orc wizard barely misses you.
The adder completely misses you.
You hit the orc wizard but do no damage.
The orc wizard is almost dead.
You feel sick.
The orc wizard hits you with a +0 dagger.
* * * LOW HITPOINT WARNING * * *
The adder barely misses you.
You are too injured to fight recklessly!
You're too confused to cast spells.
Sorry, you're not good enough to have a special ability.
You're too confused to cast spells.
Sorry, you're not good enough to have a special ability.
The adder attacks as you move away! The adder barely misses you.
The orc wizard attacks as you move away!
The orc wizard hits you with a +0 dagger.
* * * LOW HITPOINT WARNING * * *
You die...

#.#)#### #####
#.))...#
......#.#....#
......#)######
.............#
###.....[.##.#+#####
#.##..)........... #
#.#..S.........
####.o.@.......
#.##........
#.##..#.....
..######.... ...#
.†.. ..... ..†
...... h. .....†.
......... ∆


You could see an orc wizard and an adder.

Vanquished Creatures
  An orc priest (D:3)
  An orc wizard (D:3)
  2 gnolls (D:2)
  2 adders (D:2)
  A worm (D:2)
  5 orcs (D:3)
  4 bats
  3 endoplasms
  5 giant cockroaches
  4 goblins
  2 hobgoblins (D:1)
  2 jackals (D:3)
  7 quokkas
  A ball python (D:2)
  5 frilled lizards
  7 kobolds
  3 rats
55 creatures vanquished.

Vanquished Creatures (others)
  66 plants (D:2)
66 creatures vanquished.

Grand Total: 121 creatures vanquished

Notes
Turn   | Place    | Note
-------+----------+-------------------------------------------
     0 | D:1      | mandoloar the Gnoll Air Elementalist began the quest for
                  | the Orb.
     0 | D:1      | Reached XP level 1. HP: 13/13 MP: 6/6
   256 | D:1      | Reached XP level 2. HP: 19/19 MP: 4/7
  1027 | D:1      | Reached skill level 5 in Spellcasting
  1027 | D:1      | Reached XP level 3. HP: 25/25 MP: 3/9
  1478 | D:2      | Reached skill level 1 in Invocations
  1558 | D:2      | Found a sparkling altar of Nemelex Xobeh.
  1565 | D:2      | Reached skill level 1 in Fighting
  1565 | D:2      | Reached skill level 1 in Short Blades
  1565 | D:2      | Reached skill level 1 in Long Blades
  1565 | D:2      | Reached skill level 1 in Axes
  1565 | D:2      | Reached skill level 1 in Maces & Flails
  1565 | D:2      | Reached skill level 1 in Polearms
  1565 | D:2      | Reached skill level 1 in Staves
  1565 | D:2      | Reached skill level 1 in Ranged Weapons
  1565 | D:2      | Reached skill level 1 in Throwing
  1565 | D:2      | Reached skill level 1 in Armour
  1565 | D:2      | Reached skill level 1 in Shields
  1565 | D:2      | Reached skill level 1 in Unarmed Combat
  1565 | D:2      | Reached skill level 1 in Evocations
  1699 | D:2      | Reached XP level 4. HP: 32/32 MP: 8/11
  1862 | D:2      | Learned a level 4 spell: Airstrike
  1920 | D:2      | Reached skill level 1 in Hexes
  1920 | D:2      | Reached skill level 1 in Summonings
  1920 | D:2      | Reached skill level 1 in Necromancy
  1920 | D:2      | Reached skill level 1 in Translocations
  1920 | D:2      | Reached skill level 1 in Transmutations
  1920 | D:2      | Reached skill level 1 in Fire Magic
  1920 | D:2      | Reached skill level 1 in Ice Magic
  1920 | D:2      | Reached skill level 1 in Earth Magic
  1920 | D:2      | Reached skill level 1 in Poison Magic
  2571 | D:3      | Reached XP level 5. HP: 9/37 MP: 2/12
  2900 | D:3      | HP: 1/37 [orc wizard/+0 dagger (2)]
  2900 | D:3      | Succumbed to an adder's poison

Illustrated notes

Levels and vault maps discovered:
D:1:      wander_arrival_peaceful_grave, layout_loops_cross,
          chequers_serial_rivers_small_a
D:2:      wad_woods_stonehenge, layout_basic, nicolae_figureground_sparkle
D:3:      layout_basic, hangedman_decor_growths

Skill      XL: |  1  2  3  4 |
---------------+-------------+-----
Conjurations   | 2 |  2.4
Spellcasting   | 5 |  5.2
Invocations    | 1 |  1.7
Fighting       | 1 |  1.5
Short Blades   | 1 |  1.5
Long Blades    | 1 |  1.5
Axes           | 1 |  1.5
Maces & Flails | 1 |  1.5
Polearms       | 1 |  1.5
Staves         | 1 |  1.5
Ranged Weapons | 1 |  1.5
Throwing       | 1 |  1.5
Armour         | 1 |  1.5
Shields        | 1 |  1.5
Unarmed Combat | 1 |  1.5
Evocations     | 1 |  1.5
Hexes          | 1 |  1.2
Summonings     | 1 |  1.2
Necromancy     | 1 |  1.2
Translocations | 1 |  1.2
Transmutations | 1 |  1.2
Fire Magic     | 1 |  1.2
Ice Magic      | 1 |  1.2
Earth Magic    | 1 |  1.2
Poison Magic   | 1 |  1.2
Dodging        | |  4.8
Stealth        | |  4.4
Air Magic      | |  5.5

Action                     |  1- 3 |  4- 6 || total
---------------------------+-------+-------++-------
  Melee: Quarterstaff      |     9 |       ||     9
         Bite              |     2 |     1 ||     3
         Short sword       |     2 |       ||     2
         Spear             |       |     8 ||     8
         Unarmed           |       |     7 ||     7
   Fire: Sling             |     3 |       ||     3
   Cast: Shock             |    72 |    30 ||   102
         Airstrike         |       |     8 ||     8
    Use: Scroll            |       |     7 ||     7
 Armour: Robe              |     4 |     8 ||    12
  Dodge: Dodged            |    21 |    14 ||    35

Table legend: (Time is in decaauts)
 A = Elapsed time spent in this place.
 B = Non-inter-level travel time spent in this place.
 C = Inter-level travel time spent in this place.
 D = Time resting spent in this place.
 E = Time spent auto-exploring this place.
 F = Levels seen in this place.
 G = Mean time per level.
                   A        B        C        D        E       F      G
               +--------+--------+--------+--------+--------+-----+--------+
         Total |   2904 |   2780 |    124 |    995 |   1330 |   3 |  968.0 |
       Dungeon |   2904 |   2780 |    124 |    995 |   1330 |   3 |  968.0 |
               +--------+--------+--------+--------+--------+-----+--------+

Top non-repeatable levels by time:
     D:2: 1423 daAuts
     D:1: 1211 daAuts
     D:3: 269 daAuts
